 Dungeon Crawl Stone Soup version 0.21-a0-515-g8d4ebbe138 (webtiles) character file.

2 RaHiT the Sneak (level 1, -1/13 HPs)
             Began as a Vampire Enchanter on Dec 3, 2017.
             Slain by a hobgoblin
             ... wielding a +0 club
              (3 damage)
             ... on level 1 of the Dungeon.
             The game lasted 00:01:05 (236 turns).

RaHiT the Sneak (Vampire Enchanter)                  Turns: 236, Time: 00:01:06

Health: -1/13      AC:  2    Str:  7    XL:     1   Next: 25%
Magic:  2/3        EV: 12    Int: 17    God:
Gold:   0          SH:  0    Dex: 14    Spells: 3/4 levels left

rFire    . . .     SeeInvis +   a - +1 dagger
rCold    . . .     Gourm    .   (no shield)
rNeg     + . .     Faith    .   b - +0 robe
rPois    .         Spirit   .   (no helmet)
rElec    .         Reflect  .   (no cloak)
rCorr    .         Harm     .   (no gloves)
MR       .....                  (no boots)
Stlth    +++.......             (no amulet)
HPRegen  0.04/turn              (no ring)
MPRegen  0.08/turn              (no ring)

@: very slightly contaminated
A: fangs 3, see invisible, unbreathing
a: no special abilities


You were on level 1 of the Dungeon.
You were not thirsty.

You visited 1 branch of the dungeon, and saw 1 of its levels.

Inventory:

Hand Weapons
 a - a +1 dagger (weapon)
Armour
 b - a +0 robe (worn)
Scrolls
 e - a scroll of teleportation {unknown}
Books
 c - a book of Maledictions

   Spells                             Type                      Level
   a - Corona                         Hexes                        1
   b - Ensorcelled Hibernation        Hexes/Ice                    2
   c - Confuse                        Hexes                        3
   d - Tukima's Dance                 Hexes                        3
   e - Dazzling Spray                 Conjuration/Hexes            3


   Skills:
 - Level 1.1 Short Blades
 - Level 2.1 Dodging
 + Level 4.5 Stealth
 + Level 2.0 Spellcasting
 + Level 4.4 Hexes


You had 3 spell levels left.
You knew the following spells:

 Your Spells              Type           Power        Failure   Level  Hunger
a - Corona                Hex            ###....      3%          1    #......


Dungeon Overview and Level Annotations

Branches:
Dungeon (1/15)

Altars:


Innate Abilities, Weirdness & Mutations

You have razor-sharp teeth.
You have supernaturally acute eyesight. (SInv)
You can survive without breathing.


Message History

Casting: Corona
Confirm with . or Enter, or press ? or * to list all spells.
Aiming: Corona
Press: ? - help, Shift-Dir - straight line, f/p - hobgoblin
Aim: a hobgoblin, wielding a club (moderately wounded, chance to defeat MR: 71%)
You miscast Corona.
You are very lightly contaminated with residual magic.
Nothing appears to happen.
The hobgoblin hits you with a club.
* * * LOW HITPOINT WARNING * * *
You hit the hobgoblin.
The hobgoblin is almost dead.
The hobgoblin misses you.
You hit the hobgoblin but do no damage. Your bite misses the hobgoblin.
The hobgoblin is almost dead.
The hobgoblin hits you but does no damage.
You closely miss the hobgoblin.
You bite the hobgoblin, but do no damage.
The hobgoblin is almost dead.
The hobgoblin hits you with a club.
You die...

#### #....#..# .#.. .. .
..... #.....#..#.#.#..#..
(.... #..#...#.#.#.#.#...
..... #...##..#.#.#.#..
.....####.....##.#...#.##..
.............ggg#.....#....
..........######...<...#
###............g#.....#....
....?.>.......##@#...#.# .
...$.####...##..#.#.#.#..
..... #..#...#.#.#.#.#...
..... #.....#..#.#.#..#..
..... #....#..#..#.. ..#.
..... ##..#...#..#..#...
..... #.....#...# .. .....
##........# .. #..#...(....


You could see a hobgoblin.

Vanquished Creatures
  A giant cockroach (D:1)
  A bat (D:1)
2 creatures vanquished.

Notes
Turn   | Place    | Note
-------+----------+-------------------------------------------
     0 | D:1      | RaHiT the Vampire Enchanter began the quest for the Orb.
     0 | D:1      | Reached XP level 1. HP: 13/13 MP: 3/3
   236 | D:1      | Slain by a hobgoblin

Vault maps used:
D:1:      minmay_arrival_radiant_lines

Action                   || total
-------------------------++-------
Melee: Dagger            ||    26
       Bite              ||     1
 Cast: Corona            ||     5
  Use: Potion            ||     1
Armor: Robe              ||    12
Dodge: Dodged            ||    30

Table legend:
 A = Spawn XP
 B = Non-spawn XP
 C = Spawn XP percentage of total XP
 D = Spawn monster count
 E = Non-spawn monster count
 F = Spawn count percentage of total count
 G = Total turns spent on level
                    A         B        C        D         E        F      G
               +---------+---------+-------+---------+---------+-------+---------
         Total |       0 |       3 |   0.0 |       0 |       2 |   0.0 |   236
               +---------+---------+-------+---------+---------+-------+---------
           D:1 |       0 |       3 |   0.0 |       0 |       2 |   0.0 |   236
               +---------+---------+-------+---------+---------+-------+---------
